TOP OF THE 1ST |
Birmingham Steeldogs batting - Pitching for New Orleans Looters : RHP Edward Baker
|
Pitching: RHP Edward Baker
|
|
Batting: RHB Nick Webb
|
0-0: Called Strike 0-1: Swinging Strike 0-2: Ball 1-2: Foul Ball, location: 2F 1-2: Fly out, F9 (Flyball, 89M)
|
Batting: LHB Glenn Garrett
|
0-0: Called Strike 0-1: Fly out, F2 (Popup, 2LF)
|
Batting: LHB Chris Miller
|
0-0: SINGLE (Line Drive, 6MD)
|
Batting: LHB Arturo Molina
|
0-0: Ball 1-0: Called Strike 1-1: Ball 2-1: Foul Ball, location: 2F 2-2: Foul Ball, location: 2F 2-2: Strikes out looking
|
Top of the 1st over - 0 run(s), 1 hit(s), 0 error(s), 1 left on base; Birmingham 0 - New Orleans 0 |
BOTTOM OF THE 1ST |
New Orleans Looters batting - Pitching for Birmingham Steeldogs : RHP Albert Gonzáles
|
Pitching: RHP Albert Gonzáles
|
|
Batting: LHB Francisco Vega
|
0-0: Foul Ball, location: 2F 0-1: Ball 1-1: Foul Ball, location: 2F 1-2: Ball 2-2: Ball 3-2: Fly out, F5 (Line Drive, 5S)
|
Batting: LHB Justino Salas
|
0-0: Ball 1-0: Ball 2-0: Foul Ball, location: 2F 2-1: Ball 3-1: Foul Ball, location: 2F 3-2: Foul Ball, location: 2F 3-2: Base on Balls
|
Batting: LHB Taylor Smith
|
0-0: Fielders Choice at 2nd, 3-6 (Groundball, 3)
|
Batting: RHB Francisco Ibarra
|
0-0: Foul Ball, location: 2F 0-1: Fly out, F1 (Line Drive, 13)
|
Bottom of the 1st over - 0 run(s), 0 hit(s), 0 error(s), 1 left on base; Birmingham 0 - New Orleans 0 |
TOP OF THE 2ND |
Birmingham Steeldogs batting - Pitching for New Orleans Looters : RHP Edward Baker
|
Batting: RHB Raúl Soto
|
0-0: Called Strike 0-1: Called Strike 0-2: Ball 1-2: Ball 2-2: Foul Ball, location: 2F 2-2: Strikes out swinging
|
Batting: LHB Mitchell Oglethorpe
|
0-0: Ball 1-0: SINGLE (Line Drive, 3D)
|
Batting: LHB José Sánchez
|
0-0: Fly out, F7 (Flyball, 7D)
|
Batting: RHB Eric Johnson
|
0-0: Ground out 5-3 (Groundball, 5L)
|
Top of the 2nd over - 0 run(s), 1 hit(s), 0 error(s), 1 left on base; Birmingham 0 - New Orleans 0 |
BOTTOM OF THE 2ND |
New Orleans Looters batting - Pitching for Birmingham Steeldogs : RHP Albert Gonzáles
|
Batting: SHB Nate Rhodes
|
0-0: Foul Ball, location: 2F 0-1: Ball 1-1: Ball 2-1: Called Strike 2-2: Fly out, F6 (Popup, 6D)
|
Batting: RHB Rich Ruffin
|
0-0: Ball 1-0: Ball 2-0: Ball 3-0: Called Strike 3-1: Foul Ball, location: 2F 3-2: Foul Ball, location: 2F 3-2: Strikes out swinging
|
Batting: LHB Luis Sánchez
|
0-0: Ball 1-0: Called Strike 1-1: Ball 2-1: Called Strike 2-2: Ball 3-2: Foul Ball, location: 2F 3-2: Base on Balls
|
Batting: RHB Dave O'Loan
|
0-0: Foul Ball, location: 2F 0-1: Ball 1-1: Foul Ball, location: 2F 1-2: Foul Ball, location: 2F 1-2: Ball 2-2: Foul Ball, location: 2F 2-2: Foul Ball, location: 2F 2-2: Ball Luis Sánchez steals 2nd base 3-2: Strikes out swinging
|
Bottom of the 2nd over - 0 run(s), 0 hit(s), 0 error(s), 1 left on base; Birmingham 0 - New Orleans 0 |
TOP OF THE 3RD |
Birmingham Steeldogs batting - Pitching for New Orleans Looters : RHP Edward Baker
|
Batting: LHB José Martínez
|
0-0: Called Strike 0-1: Swinging Strike 0-2: Strikes out swinging
|
Batting: RHB Nick Webb
|
0-0: Ball 1-0: Ball 2-0: Foul Ball, location: 2F 2-1: Foul Ball, location: 2F 2-2: Ground out U3 (Groundball, 3S)
|
Batting: LHB Glenn Garrett
|
0-0: Called Strike 0-1: Swinging Strike 0-2: Ball 1-2: Fly out, F9 (Line Drive, 89M)
|
Top of the 3rd over - 0 run(s), 0 hit(s), 0 error(s), 0 left on base; Birmingham 0 - New Orleans 0 |
BOTTOM OF THE 3RD |
New Orleans Looters batting - Pitching for Birmingham Steeldogs : RHP Albert Gonzáles
|
Batting: RHB Ángel Castaneda
|
0-0: Ball 1-0: Ball 2-0: Ball 3-0: Base on Balls
|
Batting: LHB Francisco Vega
|
0-0: Ball 1-0: Fly out, F7 (Popup, 6MD)
|
Batting: LHB Justino Salas
|
0-0: Ball 1-0: Foul Ball, location: 2F 1-1: Ball 2-1: Ground out 3-1 (Groundball, 34) Ángel Castaneda to second
|
Batting: LHB Taylor Smith
|
0-0: Foul Ball, location: 2F 0-1: Foul Ball, location: 2F 0-2: Ball 1-2: Ball 2-2: Foul Ball, location: 2F 2-2: Strikes out looking
|
Bottom of the 3rd over - 0 run(s), 0 hit(s), 0 error(s), 1 left on base; Birmingham 0 - New Orleans 0 |
TOP OF THE 4TH |
Birmingham Steeldogs batting - Pitching for New Orleans Looters : RHP Edward Baker
|
Batting: LHB Chris Miller
|
0-0: Ball 1-0: Ball 2-0: Ball 3-0: Base on Balls
|
Batting: LHB Arturo Molina
|
0-0: Ball 1-0: Foul Ball, location: 2F 1-1: Swinging Strike 1-2: Ball 2-2: Foul Ball, location: 2F 2-2: Foul Ball, location: 2F 2-2: Ball 3-2: SINGLE (Flyball, 78S) Chris Miller to second Chris Miller to third
|
Batting: RHB Raúl Soto
|
0-0: Foul Ball, location: 2F 0-1: Ball 1-1: Called Strike 1-2: Ball 2-2: Strikes out swinging
|
Batting: LHB Mitchell Oglethorpe
|
0-0: Ball 1-0: Swinging Strike 1-1: Swinging Strike 1-2: SINGLE (Flyball, 8RS) Chris Miller scores Arturo Molina to second
|
Batting: LHB José Sánchez
|
0-0: Ball 1-0: Called Strike 1-1: Ball 2-1: Foul Ball, location: 2F 2-2: Foul Ball, location: 2F 2-2: SINGLE (Line Drive, 89S) Arturo Molina to third Mitchell Oglethorpe to second
|
Batting: RHB Eric Johnson
|
0-0: Ball 1-0: Called Strike 1-1: Fly out, F8 (Flyball, 78M) Throwing error, E8 Arturo Molina scores Mitchell Oglethorpe to third José Sánchez to second
|
Batting: LHB José Martínez
|
0-0: Ground out U3 (Groundball, 3S)
|
Top of the 4th over - 2 run(s), 3 hit(s), 1 error(s), 2 left on base; Birmingham 2 - New Orleans 0 |
BOTTOM OF THE 4TH |
New Orleans Looters batting - Pitching for Birmingham Steeldogs : RHP Albert Gonzáles
|
Batting: RHB Francisco Ibarra
|
0-0: Ball 1-0: Called Strike 1-1: Ball 2-1: Foul Ball, location: 2F 2-2: Fly out, F6 (Popup, 6M)
|
Batting: SHB Nate Rhodes
|
0-0: Foul Ball, location: 2F 0-1: Fly out, F6 (Popup, 56D)
|
Batting: RHB Rich Ruffin
|
0-0: Fly out, F9 (Flyball, 89M)
|
Bottom of the 4th over - 0 run(s), 0 hit(s), 0 error(s), 0 left on base; Birmingham 2 - New Orleans 0 |
TOP OF THE 5TH |
Birmingham Steeldogs batting - Pitching for New Orleans Looters : RHP Edward Baker
|
Batting: RHB Nick Webb
|
0-0: Ground out 5-3 (Groundball, 15S)
|
Batting: LHB Glenn Garrett
|
0-0: Foul Ball, location: 2F 0-1: Ball 1-1: Ball 2-1: Ball 3-1: Called Strike 3-2: Fly out, F9 (Flyball, 9M)
|
Batting: LHB Chris Miller
|
0-0: Ground out U3 (Groundball, 3)
|
Top of the 5th over - 0 run(s), 0 hit(s), 0 error(s), 0 left on base; Birmingham 2 - New Orleans 0 |
BOTTOM OF THE 5TH |
New Orleans Looters batting - Pitching for Birmingham Steeldogs : RHP Albert Gonzáles
|
Batting: LHB Luis Sánchez
|
0-0: Ground out 3-1 (Groundball, 34)
|
Batting: RHB Dave O'Loan
|
0-0: Ball 1-0: Ball 2-0: Foul Ball, location: 2F 2-1: Called Strike 2-2: Ball 3-2: Fly out, F8 (Flyball, 8RS)
|
Batting: RHB Ángel Castaneda
|
0-0: Fly out, F8 (Popup, 8LS)
|
Bottom of the 5th over - 0 run(s), 0 hit(s), 0 error(s), 0 left on base; Birmingham 2 - New Orleans 0 |
TOP OF THE 6TH |
Birmingham Steeldogs batting - Pitching for New Orleans Looters : RHP Edward Baker
|
Batting: LHB Arturo Molina
|
0-0: Called Strike 0-1: Ball 1-1: Foul Ball, location: 2F 1-2: Ball 2-2: Fly out, F5 (Popup, 5SF)
|
Batting: RHB Raúl Soto
|
0-0: Ground out 5-3 (Groundball, 5)
|
Batting: LHB Mitchell Oglethorpe
|
0-0: Ball 1-0: Ball 2-0: Ball 3-0: Base on Balls
|
Batting: LHB José Sánchez
|
0-0: Called Strike 0-1: Swinging Strike 0-2: Ball 1-2: Ball 2-2: Ground out U3 (Groundball, 3S)
|
Top of the 6th over - 0 run(s), 0 hit(s), 0 error(s), 1 left on base; Birmingham 2 - New Orleans 0 |
BOTTOM OF THE 6TH |
New Orleans Looters batting - Pitching for Birmingham Steeldogs : RHP Albert Gonzáles
|
Batting: LHB Francisco Vega
|
0-0: Foul Ball, location: 2F 0-1: TRIPLE (Line Drive, 8RM)
|
Batting: LHB Justino Salas
|
0-0: Ball 1-0: Called Strike 1-1: DOUBLE (Line Drive, 9LM) Francisco Vega scores
|
Batting: LHB Taylor Smith
|
0-0: Called Strike 0-1: Ball Wild Pitch! Justino Salas to third 1-1: Swinging Strike 1-2: Foul Ball, location: 2F 1-2: Fly out, F5 (Popup, 5F)
|
Batting: RHB Francisco Ibarra
|
0-0: Fly out, F6 (Line Drive, 6)
|
Batting: SHB Nate Rhodes
|
0-0: Fly out, F4 (Line Drive, 4)
|
Bottom of the 6th over - 1 run(s), 2 hit(s), 0 error(s), 1 left on base; Birmingham 2 - New Orleans 1 |
TOP OF THE 7TH |
Birmingham Steeldogs batting - Pitching for New Orleans Looters : RHP Edward Baker
|
Batting: RHB Eric Johnson
|
0-0: Foul Ball, location: 2F 0-1: Ball 1-1: Ball 2-1: Foul Ball, location: 2F 2-2: Strikes out swinging
|
Batting: LHB José Martínez
|
0-0: SINGLE (Line Drive, 34)
|
Batting: RHB Nick Webb
|
0-0: Ball 1-0: SINGLE (Groundball, 56D) José Martínez to second
|
Batting: LHB Glenn Garrett
|
0-0: Called Strike 0-1: Ball 1-1: Ball 2-1: Foul Ball, location: 2F 2-2: Ground out U3 (Groundball, 3S) José Martínez to third Nick Webb to second
|
Batting: LHB Chris Miller
|
0-0: Ground out 3-1 (Groundball, 3L)
|
Top of the 7th over - 0 run(s), 2 hit(s), 0 error(s), 2 left on base; Birmingham 2 - New Orleans 1 |
BOTTOM OF THE 7TH |
New Orleans Looters batting - Pitching for Birmingham Steeldogs : RHP Albert Gonzáles
|
Batting: RHB Rich Ruffin
|
0-0: Ball 1-0: SINGLE (Line Drive, 4M)
|
Batting: LHB Luis Sánchez
|
0-0: Sac Bunt - play at first, batter OUT! 2-4 Rich Ruffin to second
|
Batting: RHB Dave O'Loan
|
0-0: Called Strike 0-1: Ball 1-1: Foul Ball, location: 2F 1-2: Strikes out swinging
|
Batting: RHB Ángel Castaneda
|
0-0: Foul Ball, location: 2F 0-1: Fly out, F8 (Flyball, 78XD)
|
Bottom of the 7th over - 0 run(s), 1 hit(s), 0 error(s), 1 left on base; Birmingham 2 - New Orleans 1 |
TOP OF THE 8TH |
Birmingham Steeldogs batting - Pitching for New Orleans Looters : RHP Edward Baker
|
Pitching: RHP Ienobu Sato
|
|
Batting: LHB Arturo Molina
|
0-0: Called Strike 0-1: Ball 1-1: Foul Ball, location: 2F 1-2: Ground out 6-3 (Groundball, 6M)
|
Batting: RHB Raúl Soto
|
0-0: Ground out 5-3 (Groundball, 56)
|
Batting: LHB Mitchell Oglethorpe
|
0-0: Ball 1-0: SINGLE (Groundball, 56)
|
Batting: LHB José Sánchez
|
0-0: Called Strike 0-1: Ball 1-1: Ball 2-1: Ball 3-1: Foul Ball, location: 2F 3-2: Fly out, F5 (Line Drive, 56)
|
Top of the 8th over - 0 run(s), 1 hit(s), 0 error(s), 1 left on base; Birmingham 2 - New Orleans 1 |
BOTTOM OF THE 8TH |
New Orleans Looters batting - Pitching for Birmingham Steeldogs : RHP Albert Gonzáles
|
Pitching: RHP Pete Cook
|
|
Now at 1B: Júlio Pacheco
|
|
Batting: LHB Francisco Vega
|
0-0: Called Strike 0-1: Ball 1-1: Ball 2-1: Ball 3-1: Foul Ball, location: 2F 3-2: Foul Ball, location: 2F 3-2: Foul Ball, location: 2F 3-2: Ground out 5-3 (Groundball, 56)
|
Pitching: RHP Stanley Briggs
|
|
Batting: LHB Justino Salas
|
0-0: Foul Ball, location: 2F 0-1: Ball 1-1: Ball 2-1: Swinging Strike 2-2: Strikes out looking
|
Batting: LHB Taylor Smith
|
0-0: Ground out U3 (Groundball, 3L)
|
Bottom of the 8th over - 0 run(s), 0 hit(s), 0 error(s), 0 left on base; Birmingham 2 - New Orleans 1 |
TOP OF THE 9TH |
Birmingham Steeldogs batting - Pitching for New Orleans Looters : RHP Ienobu Sato
|
Pitching: LHP Juan Méndez
|
|
Batting: RHB Eric Johnson
|
0-0: Ball 1-0: Ball 2-0: Foul Ball, location: 2F 2-1: Foul Ball, location: 2F 2-2: Ball 3-2: Foul Ball, location: 2F 3-2: Foul Ball, location: 2F 3-2: Strikes out swinging
|
Batting: LHB José Martínez
|
0-0: Ball 1-0: SINGLE (Groundball, 34D)
|
Pinch Hitting: RHB Valentín Borges
|
0-0: Called Strike 0-1: Foul Ball, location: 2F 0-2: DOUBLE (Line Drive, 4D) José Martínez to third
|
Batting: LHB Glenn Garrett
|
0-0: Swinging Strike 0-1: SINGLE (Groundball, 3L) José Martínez scores Valentín Borges to third
|
Batting: LHB Chris Miller
|
0-0: Ball 1-0: Foul Ball, location: 2F 1-1: Called Strike 1-2: Strikes out swinging
|
Batting: LHB Arturo Molina
|
0-0: Ball 1-0: Ball 2-0: SINGLE (Groundball, 5D) Valentín Borges scores Glenn Garrett to second
|
Batting: RHB Raúl Soto
|
0-0: 3-RUN HOME RUN (Line Drive, 7D), Distance : 370 ft
|
Batting: RHB Júlio Pacheco
|
0-0: Ball 1-0: Ball 2-0: Called Strike 2-1: Fly out, F5 (Popup, 5F)
|
Top of the 9th over - 5 run(s), 5 hit(s), 0 error(s), 0 left on base; Birmingham 7 - New Orleans 1 |
BOTTOM OF THE 9TH |
New Orleans Looters batting - Pitching for Birmingham Steeldogs : RHP Stanley Briggs
|
Now at SS: Jean-Paul St-Pierre
|
|
Batting: RHB Francisco Ibarra
|
0-0: Fly out, F3 (Popup, 3SF)
|
Batting: SHB Nate Rhodes
|
0-0: Foul Ball, location: 2F 0-1: SINGLE (Flyball, 8LS)
|
Batting: RHB Rich Ruffin
|
0-0: Swinging Strike 0-1: Foul Ball, location: 2F 0-2: Ball 1-2: Ball 2-2: Ball 3-2: Strikes out swinging
|
Batting: LHB Luis Sánchez
|
0-0: Called Strike 0-1: DOUBLE (Line Drive, 89D) Nate Rhodes to third Runner from 3rd tries for Home, SAFE, no throw or cutoff
|
Batting: RHB Dave O'Loan
|
0-0: Ball 1-0: Foul Ball, location: 2F 1-1: Foul Ball, location: 2F 1-2: Fly out, F8 (Flyball, 8RS)
|
Bottom of the 9th over - 1 run(s), 2 hit(s), 0 error(s), 1 left on base; Birmingham 7 - New Orleans 2 |
|